 Dungeon Crawl Stone Soup version 0.26-a0-812-g31a745ddcd (webtiles) character file.

Game seed: 1948949709813300975

266 lorenzova the Conjurer (level 6, -1/32 HPs)
             Began as a Deep Elf Conjurer on Dec 4, 2020.
             Killed from afar by an orc wizard (6 damage)
             ... with a magic dart
             ... on level 4 of the Dungeon.
             The game lasted 00:07:40 (3246 turns).

lorenzova the Conjurer (Deep Elf Conjurer)          Turns: 3246, Time: 00:07:41

Health: -1/32      AC:  2    Str:  4    XL:     6   Next: 0%
Magic:  2/17       EV: 13    Int: 25    God:
Gold:   304        SH:  0    Dex: 13    Spells: 14/17 levels left

rFire    . . .     SeeInvis .   (no weapon)
rCold    . . .     Faith    .   (no shield)
rNeg     . . .     Spirit   .   a - +0 robe
rPois    .         Reflect  .   (no helmet)
rElec    .         Harm     .   (no cloak)
rCorr    +         Rampage  .   (no gloves)
MR       +....                  (no boots)
Stlth    ++........             (no amulet)
HPRegen  0.10/turn              e - ring of protection from magic
MPRegen  0.15/turn              f - ring of resist corrosion

@: no status effects
A: no striking features
a: no special abilities


You were on level 4 of the Dungeon.
You visited 1 branch of the dungeon, and saw 4 of its levels.

You collected 304 gold pieces.

Inventory:

Armour
 a - a +0 robe (worn)
Jewellery
 e - a ring of protection from magic (left hand)
 f - a ring of resist corrosion (right hand)
Scrolls
 c - a scroll of fog {unknown}
 d - 3 scrolls of enchant weapon {unknown}
 g - 2 scrolls of identify {unknown}
 h - a scroll of amnesia {unknown}
 i - 2 scrolls of immolation {unknown}
 l - 3 scrolls of remove curse {unknown}
 m - 2 scrolls of teleportation {unknown}
 n - a scroll of noise {unknown}
Potions
 b - a potion of degeneration {unknown}
 j - a potion of mutation {unknown}
 k - a potion of flight {unknown}


   Skills:
 - Level 2.4 Dodging
 - Level 2.4 Stealth
 + Level 6.3 Spellcasting
 + Level 6.4 Conjurations


You had 14 spell levels left.
You knew the following spells:

 Your Spells              Type           Power        Failure   Level
a - Magic Dart            Conj           ####         1%          1
b - Searing Ray           Conj           #####.       1%          2

Your spell library contained the following spells:

 Spells                   Type           Power        Failure   Level
 Dazzling Flash           Conj/Hex       ###...       6%          3
 Fulminant Prism          Conj/Hex       ###.......   19%         4
 Iskenderun's Mystic Bla  Conj/Tloc      ###.....     19%         4


Dungeon Overview and Level Annotations

Branches:
Dungeon (4/15)
 Temple: D:4-7

Altars:
Ru
Xom

Annotations:
D:3 2 transporters, p0werm0de's ghost, amateur DrFi


Message History

The searing ray hits the orc!
You kill the orc!
You have reached level 6!
Your experience leads to an increase in your attributes!
Increase (S)trength, (I)ntelligence, or (D)exterity?
You feel clever.
The orc wizard gestures at you while chanting.
The puff of frost hits you!
The frilled lizard hisses angrily.
The searing ray hits the orc wizard but does no damage.
The orc wizard is severely wounded.
The orc wizard hits you with a +0 dagger.
* * * LOW HITPOINT WARNING * * *
Without enough magic to sustain it, your searing ray dissipates.
The orc wizard misses you.
The orc wizard gestures wildly while chanting.
The orc wizard seems to speed up.
The orc wizard gestures at you while chanting.
The magic dart hits you.
You die...

##..##l#..≈≈≈.
##...#..≈...≈
#..#...≈._.≈
##l.#..≈...≈
##..#..≈≈≈.
###.o######
####.#........
#......†....##
#..@.........#
#.<...........
#..............
#..............
#..............
#...............
#..............
#............#
#...........


You could see an orc wizard (fast).

Vanquished Creatures
  A sky beast (D:3)
  A worker ant (D:4)
  6 adders
  A gnoll (D:3)
  3 oozes
  5 dart slugs
  5 leopard geckos
  5 orcs
  2 giant cockroaches
  4 goblins
  6 hobgoblins
  2 jackals (D:1)
  2 quokkas
  5 bats
  7 frilled lizards
  3 kobolds
  4 rats
62 creatures vanquished.

Notes
Turn   | Place    | Note
-------+----------+-------------------------------------------
     0 | D:1      | lorenzova the Deep Elf Conjurer began the quest for the
                  | Orb.
     0 | D:1      | Reached XP level 1. HP: 10/10 MP: 6/6
   374 | D:1      | Reached XP level 2. HP: 15/15 MP: 5/8
   378 | D:1      | Learned a level 2 spell: Searing Ray
  1082 | D:2      | Reached skill level 5 in Conjurations
  1082 | D:2      | Reached XP level 3. HP: 12/19 MP: 4/10
  1800 | D:2      | Found a shimmering altar of Xom.
  1933 | D:3      | Found a transporter.
  1939 | D:3      | Noticed p0werm0de's ghost (amateur DrFi)
  1967 | D:3      | Found a transporter.
  2371 | D:3      | Reached XP level 4. HP: 24/24 MP: 6/12
  2452 | D:3      | Noticed a sky beast
  2458 | D:3      | Killed a sky beast
  2458 | D:3      | Reached skill level 5 in Spellcasting
  2458 | D:3      | Reached XP level 5. HP: 19/28 MP: 5/15
  3155 | D:4      | Found a sacrificial altar of Ru.
  3236 | D:4      | Reached XP level 6. HP: 19/32 MP: 2/17
  3246 | D:4      | Killed from afar by an orc wizard

Illustrated notes

Levels and vault maps discovered:
D:1:      minmay_arrival_open_corners, layout_basic, serial_glass,
          glass_columns_a, glass_columns_b, hangedman_decor_growths
D:2:      layout_rooms, lemuel_statue_altar
D:3:      minmay_bubble_buster, layout_basic, gammafunk_ghost_stat_death
D:4:      layout_cave_pods, fiery_altar_vehumet, nicolae_ru_awakened_eye,
          uniq_ijyb

Skill      XL: |  1  2  3  4  5 |
---------------+----------------+-----
Spellcasting   | 4 5 6 |  6.3
Conjurations   | 5 6 |  6.4
Dodging        | |  2.4
Stealth        | |  2.4

Action                   |  1- 3 |  4- 6 || total
-------------------------+-------+-------++-------
 Cast: Magic Dart        |    67 |    15 ||    82
       Searing Ray       |     2 |    15 ||    17
Dodge: Dodged            |     5 |     4 ||     9

Table legend: (Time is in decaauts)
 A = Elapsed time spent in this place.
 B = Non-inter-level travel time spent in this place.
 C = Inter-level travel time spent in this place.
 D = Time resting spent in this place.
 E = Time spent auto-exploring this place.
 F = Levels seen in this place.
 G = Mean time per level.
                   A        B        C        D        E       F      G
               +--------+--------+--------+--------+--------+-----+--------+
         Total |   3244 |   3184 |     60 |   1485 |   1485 |   4 |  811.0 |
       Dungeon |   3244 |   3184 |     60 |   1485 |   1485 |   4 |  811.0 |
               +--------+--------+--------+--------+--------+-----+--------+

Top non-repeatable levels by time:
     D:3: 1237 daAuts
     D:1: 971 daAuts
     D:2: 916 daAuts
     D:4: 118 daAuts
